 Dungeon Crawl Stone Soup version 0.27-a0-277-g024f7ef292 (webtiles) character file.

Game seed: 13522868627809955355

63 dolemite99 the Grave Robber (level 3, -7/24 HPs)
             Began as a Demonspawn Necromancer on Feb 6, 2021.
             Mangled by a worm (8 damage)
             ... on level 2 of the Dungeon.
             The game lasted 00:02:12 (3423 turns).

dolemite99 the Grave Robber (DsNe)                  Turns: 3423, Time: 00:02:13

Health: -7/24      AC:  2    Str:  8    XL:     3   Next: 89%
Magic:  0/6        EV: 12    Int: 17    God:
Gold:   33         SH:  0    Dex: 13    Spells: 4/6 levels left

rFire    . . .     SeeInvis .   g - +0 dagger
rCold    . . .     Faith    .   (no shield)
rNeg     . . .     Spirit   .   a - +0 robe
rPois    .         Reflect  .   (no helmet)
rElec    .         Harm     .   (no cloak)
rCorr    .         Rampage  .   (no gloves)
Will     .....                  (no boots)
Stlth    ++........             (no amulet)
HPRegen  0.08/turn              (no ring)
MPRegen  0.20/turn              (no ring)

@: very slightly contaminated
A: demonic guardian 1, magic regeneration
a: no special abilities


You were on level 2 of the Dungeon.
You visited 1 branch of the dungeon, and saw 2 of its levels.

You collected 33 gold pieces.

Inventory:

Hand Weapons
 b - a +0 club
 g - a +0 dagger (weapon)
 n - a cursed +0 short sword
Missiles
 d - 67 sling bullets
 e - 6 stones
Armour
 a - a +0 robe (worn)
Jewellery
 h - a cursed ring of flight {unknown}
 k - an uncursed amulet of regeneration {unknown}
Scrolls
 c - a scroll of blinking {unknown}
 f - a scroll of teleportation {unknown}
 i - a scroll of identify {unknown}
Potions
 j - 2 potions of degeneration {unknown}
 l - a potion of curing {unknown}
 m - 2 potions of haste {unknown}
 o - a potion of heal wounds {unknown}
 p - a potion of might {unknown}


   Skills:
 - Level 1.7 Dodging
 - Level 1.7 Stealth
 - Level 2.0 Spellcasting
 + Level 6.1 Necromancy


You had 4 spell levels left.
You knew the following spells:

 Your Spells              Type           Power        Failure   Level
a - Pain                  Necr           88%          1%          1
b - Animate Skeleton      Necr           44%          1%          1

Your spell library contained the following spells:

 Spells                   Type           Power        Failure   Level
 Vampiric Draining        Necr           11%          4%          3
 Animate Dead             Necr           11%          16%         4
 Agony                    Necr           22%          41%         5


Dungeon Overview and Level Annotations

Branches:
Dungeon (2/15)

Altars:


Innate Abilities, Weirdness & Mutations

A weak demonic guardian rushes to your aid.
You regenerate magic rapidly.


Message History

Press: ? - help, Shift-Dir - straight line, f/p - worm
Aim: a worm (moderately wounded, chance to affect: 87%)
The worm barely resists.
Casting: Pain (safe; 1% risk of failure)
Confirm with . or Enter, or press ? or * to list all spells.
Aiming: Pain (safe; 1% risk of failure)
Press: ? - help, Shift-Dir - straight line, f/p - worm
Aim: a worm (moderately wounded, chance to affect: 87%)
You miscast Pain.
You are very lightly contaminated with residual magic.
Nothing appears to happen.
The worm bites you!
* * * LOW HITPOINT WARNING * * *
A demonic guardian appears!
Casting: Pain (safe; 1% risk of failure)
Confirm with . or Enter, or press ? or * to list all spells.
Aiming: Pain (safe; 1% risk of failure)
Press: ? - help, Shift-Dir - straight line, f/p - worm
Aim: a worm (moderately wounded, chance to affect: 87%)
The worm writhes in agony!
The worm bites you!
You die...

.###..#..# #....###
......##.#### ####...##
...##........ ###..#
##............ ##.#
#####........ ####.#
......... ########....#
.........#####........####
............##.########
........w@....# ######
.#...........##
.....##.##.......5..#
####................#
...........###.....##
........##. #.....#
................!...
........####.......)#
)).........


You could see a worm and a friendly white imp (summoned).

Vanquished Creatures
  3 adders (D:2)
  A worm (D:2)
  A dart slug (D:1)
  A leopard gecko (D:2)
  2 giant cockroaches (D:1)
  3 goblins
  6 hobgoblins
  A jackal (D:1)
  2 bats (D:1)
  3 frilled lizards
  3 kobolds
  A rat (D:1)
27 creatures vanquished.

Vanquished Creatures (collateral kills)
  3 goblins
  A hobgoblin (D:2)
  A bat (D:2)
  A frilled lizard (D:2)
6 creatures vanquished.

Grand Total: 33 creatures vanquished

Notes
Turn   | Place    | Note
-------+----------+-------------------------------------------
     0 | D:1      | dolemite99 the Demonspawn Necromancer began the quest for
                  | the Orb.
     0 | D:1      | Reached XP level 1. HP: 13/13 MP: 3/3
   483 | D:1      | Gained mutation: A weak demonic guardian rushes to your
                  | aid. [demonic ancestry]
   483 | D:1      | Reached XP level 2. HP: 16/19 MP: 1/5
   766 | D:1      | Reached skill level 5 in Necromancy
  2497 | D:2      | Gained mutation: You regenerate magic rapidly. [demonic
                  | ancestry]
  2497 | D:2      | Reached XP level 3. HP: 15/24 MP: 0/6
  2647 | D:2      | Learned a level 1 spell: Animate Skeleton
  2888 | D:2      | Reached skill level 6 in Necromancy
  3423 | D:2      | Mangled by a worm

Illustrated notes

Levels and vault maps discovered:
D:1:      dpeg_arrival_radiant, layout_basic, st_stairs_2
D:2:      layout_rooms

Skill      XL: |  1  2  3 |
---------------+----------+-----
Necromancy     | 5 6 |  6.1
Dodging        | |  1.7
Stealth        | |  1.7
Spellcasting   | |  2.0

Action                   || total
-------------------------++-------
Melee: Dagger            ||    18
 Cast: Pain              ||    61
       Animate Skeleton  ||     2
 Stab: Distracted        ||     1
Armor: Robe              ||     1
Dodge: Dodged            ||    21

Table legend: (Time is in decaauts)
 A = Elapsed time spent in this place.
 B = Non-inter-level travel time spent in this place.
 C = Inter-level travel time spent in this place.
 D = Time resting spent in this place.
 E = Time spent auto-exploring this place.
 F = Levels seen in this place.
 G = Mean time per level.
                   A        B        C        D        E       F      G
               +--------+--------+--------+--------+--------+-----+--------+
         Total |   3423 |   3405 |     18 |   1863 |   1230 |   2 | 1711.5 |
       Dungeon |   3423 |   3405 |     18 |   1863 |   1230 |   2 | 1711.5 |
               +--------+--------+--------+--------+--------+-----+--------+

Top non-repeatable levels by time:
     D:1: 2243 daAuts
     D:2: 1180 daAuts
